 Dungeon Crawl Stone Soup version 0.30-a0-439-g9e77e4d916 (webtiles) character file.

Game seed: 5824891357886711971

11608 AigisTheKnight the Arsonist (level 11, -6/69 HPs)
             Began as a Tengu Fire Elementalist on Dec 10, 2022.
             Was a High Priest of the Shining One.
             Mangled by Snorg (19 damage)
             ... on level 10 of the Dungeon.
             The game lasted 00:26:56 (13805 turns).

AigisTheKnight the Arsonist (TeFE)                 Turns: 13805, Time: 00:26:56

Health: -6/69      AC:  5    Str:  9    XL:     11   Next: 80%
Magic:  18/24      EV: 21    Int: 20    God:    the Shining One [*****.]
Gold:   517        SH:  0    Dex: 20    Spells: 20/26 levels left

rFire   . . .      SeeInvis .    t - +1 dagger (venom)
rCold   . . .      Faith    .    (no shield)
rNeg    + + .      Spirit   .    O - +0 troll leather armour
rPois   .          Reflect  .    (helmet restricted)
rElec   .          Harm     .    B - +0 cloak
rCorr   .          Rampage  .    (no gloves)
Will    .....                    (boots unavailable)
Stlth   +.........               (no amulet)
HPRegen 1.11/turn                E - +6 ring of dexterity
MPRegen 0.19/turn                (no ring)

@: flying quickly and evasively, glowing, quick
A: beak, talons 3, nimble flight
a: Renounce Religion, Divine Shield, Cleansing Flame, Summon Divine Warrior


You were on level 10 of the Dungeon.
You worshipped the Shining One.
The Shining One was extremely pleased with you.
You visited 2 branches of the dungeon, and saw 11 of its levels.

You collected 517 gold pieces.

Inventory:

Hand Weapons
 j - a +0 short sword
 t - a +1 dagger of venom (weapon)
 w - a +0 war axe of flaming
Missiles
 y - a throwing net
 M - 6 atropa-tipped darts (quivered)
Armour
 a - a +0 robe
 p - a +0 leather armour
 B - a +0 cloak (worn)
 O - a +0 troll leather armour (worn)
Jewellery
 n - a ring of ice
 x - an amulet of faith
 E - a +6 ring of dexterity (left hand)
 G - a ring of resist corrosion
Wands
 A - a wand of polymorph (9)
 F - a wand of mindburst (15)
 K - a wand of iceblast (8)
Scrolls
 c - 3 scrolls of enchant weapon {unknown}
 g - 3 scrolls of teleportation {unknown}
 h - a scroll of silence {unknown}
 l - a scroll of summoning {unknown}
 m - a scroll of immolation {unknown}
 q - a scroll of vulnerability {unknown}
 s - a scroll of magic mapping {unknown}
 u - 2 scrolls of torment {unknown}
 v - a scroll of amnesia {unknown}
 C - a scroll of fear {unknown}
 D - 2 scrolls of enchant armour {unknown}
 I - 3 scrolls of fog {unknown}
 Q - a scroll of blinking {unknown}
Potions
 b - 2 potions of magic
 d - 4 potions of heal wounds
 e - 2 potions of attraction {unknown}
 f - 3 potions of curing
 i - a potion of brilliance
 k - 2 potions of ambrosia
 o - 4 potions of mutation
 r - 2 potions of haste
 z - 2 potions of cancellation
 H - 2 potions of might
 J - a potion of resistance
 L - a potion of flight
 N - 2 potions of lignification
Miscellaneous
 P - a lightning rod (1/4)


   Skills:
 + Level 8.5 Fighting
 + Level 4.2 Armour
 + Level 9.8 Dodging
 - Level 2.7 Stealth
 + Level 8.3 Spellcasting
 - Level 6.1 Conjurations
 + Level 10.1 Fire Magic
 + Level 0.4 Invocations


You had 20 spell levels left.
You knew the following spells:

 Your Spells              Type           Power      Damage    Failure   Level
a - Foxfire               Conj/Fire      100%       2x1d9     1%          1
b - Scorch                Fire           96%        2d10      1%          2
c - Inner Flame           Hex/Fire       28%        N/A       4%          3

Your spell library contained the following spells:

 Spells                   Type           Power      Damage    Failure   Level
 Flame Wave               Conj/Fire      40%        2d11      4%          4
 Kindle Blastsparks       Fire/Tloc/Air  42%        2d13      9%          3
 Apportation              Tloc           16%        N/A       12%         1
 Necrotise                Necr           32%        1d5       12%         1
 Summon Small Mammal      Summ           32%        N/A       12%         1
 Sublimation of Blood     Necr           8%         N/A       17%         2
 Wereblood                Tmut           8%         N/A       17%         2
 Ozocubu's Armour         Ice            8%         N/A       34%         3
 Metabolic Englaciation   Hex/Ice        4%         N/A       97%         5
 Simulacrum               Ice/Necr       4%         N/A       100%        6
 Summon Hydra             Summ           4%         N/A       100%        7


Dungeon Overview and Level Annotations

Branches:
Dungeon (10/15)            Temple (1/1) D:4             Orc (0/2) D:10
   Lair: D:8-11

Altars:
Ashenzari
Cheibriados
Dithmenos
Elyvilon
Fedhas
Gozag
Hepliaklqana
Kikubaaqudgha
Makhleb
Nemelex Xobeh
Okawaru
Qazlal
Ru
Sif Muna
Trog
Uskayaw
Vehumet
Wu Jian
Xom
Yredelemnul
The Shining One

Shops:
D:9 =

Annotations:
D:3 2 transporters, Darkkill's ghost, weakling MiHu
D:10 Snorg


Innate Abilities, Weirdness & Mutations

You have a beak for a mouth.
You have claws for feet.
Your magical nature lets you fly swiftly and evasively.


Message History

Casting: Foxfire (safe; 1% risk of failure)
Confirm with . or Enter, or press ? or * to list all spells.
You conjure some foxfire!
The foxfire hits the wolf.
The wolf is lightly wounded.
Unknown command.
Casting: Foxfire (safe; 1% risk of failure)
Confirm with . or Enter, or press ? or * to list all spells.
Flames lash the wolf.
The wolf is moderately wounded.
The wolf's fire resistance burns away.
You hear a bellow!
The foxfire hits the wolf!
The wolf is burned terribly!
The wolf is severely wounded.
The wolf bites you!
Unknown command.
Casting: Scorch (safe; 1% risk of failure)
Confirm with . or Enter, or press ? or * to list all spells.
Flames lash the wolf.
The wolf is burned terribly!
You kill the wolf!
You hear a shout!
You hear a bellow!
Unknown command.
Your foxfire dissipates!
Casting: Scorch (safe; 1% risk of failure)
Confirm with . or Enter, or press ? or * to list all spells.
Flames lash Snorg.
Snorg is lightly wounded.
Snorg's fire resistance burns away.
Snorg goes berserk!
Snorg rages.
Snorg attacks as you move away! Snorg bites you! Snorg barely misses you.
Snorg claws you!
Snorg is no longer more vulnerable to fire.
Snorg attacks as you move away! Snorg bites you but does no damage.
Snorg misses you. x2
There is a stone staircase leading up here.
Snorg closely misses you.
Snorg barely misses you. x2; Snorg bites you.
Snorg claws you!!
* * * LOW HITPOINT WARNING * * *
Snorg claws you!!
You die...

##### #...#
#######...##
......'....# ##
#######....# <# ..#
#.##@# .#
#####.####.##T#
.###.....#....##.####
........÷...Y†.Y....#
..##.#<..#.#####.##.+
..##.#.T.#... ..# #
####.#.#.#########
...§§.h.###
##>#.#.†..#


You could see Snorg (berserk) and a yak.

Vanquished Creatures
  2 skeletal warriors (D:9)
  Pikel (D:7)
  Maggie (D:6)
  3 unseen horror zombies (D:9)
  2 trolls
  3 unseen horror skeletons (D:9)
  3 flying skulls
  Sigmund (D:4)
  2 wraiths (D:9)
  4 shadows (D:9)
  6 yaks
  A vampire (D:9)
  A wyvern (D:8)
  A steam dragon (D:7)
  Edmund (D:5)
  An acid dragon (D:10)
  3 water moccasins
  3 orc warriors
  An ice beast (D:6)
  6 black bears
  2 ogres
  2 wolves (D:10)
  3 centaurs
  Blork the orc (D:5)
  2 bullfrogs
  A scorpion (D:6)
  2 necrophages
  15 wights
  6 killer bees (D:9)
  4 howler monkeys
  3 electric eels (D:6)
  7 hounds
  6 centaur zombies (D:9)
  9 orc priests
  Crazy Yiuf (D:5)
  2 centaur skeletons (D:9)
  A gnoll bouda (D:8)
  A jelly (D:6)
  Natasha (thrice) (D:2)
  An iguana (D:6)
  Ijyb (D:5)
  10 orc wizards
  2 howler monkey zombies (D:9)
  3 gnolls (D:8)
  A howler monkey skeleton (D:9)
  7 adders
  3 white imps
  4 worms
  38 orcs
  5 bats
  4 endoplasms
  2 giant cockroaches
  9 goblins
  3 hobgoblins
  3 jackals (D:1)
  2 quokkas (D:1)
  9 ball pythons
  2 frilled lizards
  5 kobolds
  9 rats
240 creatures vanquished.

Vanquished Creatures (collateral kills)
  14 foxfires (D:4)
14 creatures vanquished.

Vanquished Creatures (others)
  821 foxfires
  5 plants (D:6)
  2 withered plants (D:3)
828 creatures vanquished.

Grand Total: 1082 creatures vanquished

Notes
Turn   | Place    | Note
-------+----------+-------------------------------------------
     0 | D:1      | AigisTheKnight the Tengu Fire Elementalist began the quest
                  | for the Orb.
     0 | D:1      | Reached XP level 1. HP: 10/10 MP: 4/4
   258 | D:1      | Reached XP level 2. HP: 13/15 MP: 3/6
   645 | D:1      | Reached XP level 3. HP: 16/19 MP: 0/7
  1502 | D:2      | Noticed Natasha
  1510 | D:2      | Killed Natasha
  1511 | D:2      | Reached XP level 4. HP: 14/24 MP: 0/8
  1593 | D:2      | Noticed Natasha
  1600 | D:2      | Killed Natasha
  1710 | D:2      | Noticed Natasha
  1715 | D:2      | Killed Natasha
  1716 | D:2      | Reached skill level 4 in Fire Magic
  1716 | D:2      | Gained mutation: Your magical nature lets you fly swiftly
                  | and evasively. [Tengu growth]
  1716 | D:2      | Reached XP level 5. HP: 21/28 MP: 4/10
  2101 | D:3      | Learned a level 2 spell: Scorch
  2483 | D:3      | Reached skill level 1 in Fighting
  2607 | D:3      | Found a transporter.
  2633 | D:3      | Found a faded altar of an unknown god.
  2680 | D:3      | Found a transporter.
  2683 | D:3      | Noticed Darkkill's ghost (weakling MiHu)
  2993 | D:3      | Found a stormy altar of Qazlal.
  3226 | D:4      | Found a staircase to the Ecumenical Temple.
  3235 | Temple   | Entered the Ecumenical Temple
  3287 | Temple   | Became a worshipper of Elyvilon the Healer
  3337 | D:4      | Noticed a black bear
  3357 | D:3      | Reached XP level 6. HP: 15/34 MP: 1/11
  3477 | D:4      | Killed a black bear
  3779 | D:4      | Noticed Sigmund
  3786 | D:4      | Killed Sigmund
  3787 | D:4      | Reached XP level 7. HP: 40/40 MP: 2/13
  4140 | D:4      | Reached skill level 5 in Fire Magic
  4649 | D:5      | Entered Level 5 of the Dungeon
  4649 | D:5      | Found a glowing golden altar of the Shining One.
  4652 | D:5      | Reached * piety under Elyvilon
  4658 | D:5      | Noticed Edmund
  4684 | D:5      | Killed Edmund
  4685 | D:5      | Reached skill level 5 in Conjurations
  4787 | D:5      | Fell from the grace of Elyvilon
  4787 | D:5      | Became a worshipper of the Shining One
  4803 | D:5      | Noticed Blork the orc
  4809 | D:5      | Reached XP level 8. HP: 46/46 MP: 9/15
  4812 | D:5      | Killed Blork the orc
  4980 | D:5      | Reached skill level 5 in Dodging
  5319 | D:5      | Noticed Ijyb
  5328 | D:5      | Killed Ijyb
  5806 | D:5      | Found a runed translucent door.
  5807 | D:5      | Noticed Crazy Yiuf
  6135 | D:5      | Killed Crazy Yiuf
  6277 | D:6      | Reached skill level 6 in Fire Magic
  6654 | D:6      | Noticed Maggie
  6664 | D:6      | Killed Maggie
  6665 | D:6      | Reached skill level 5 in Spellcasting
  6665 | D:6      | Reached XP level 9. HP: 53/53 MP: 3/17
  7279 | D:6      | Reached skill level 5 in Fighting
  7405 | D:6      | Found an ornate altar of the Wu Jian Council.
  7418 | D:6      | Found a shimmering blue altar of Sif Muna.
  7950 | D:7      | Reached skill level 7 in Fire Magic
  8523 | D:7      | Reached * piety under the Shining One
  8865 | D:8      | Reached XP level 10. HP: 45/60 MP: 12/20
  9061 | D:8      | Reached skill level 8 in Fire Magic
  9286 | D:8      | Noticed Pikel
  9529 | D:7      | Killed Pikel
  9758 | D:8      | Reached ** piety under the Shining One
 10181 | D:8      | Found an iron altar of Okawaru.
 10615 | D:9      | Reached skill level 9 in Fire Magic
 10780 | D:9      | Learned a level 3 spell: Inner Flame
 11043 | D:9      | Reached skill level 1 in Armour
 11043 | D:9      | Reached XP level 11. HP: 20/67 MP: 12/23
 11144 | D:9      | Reached *** piety under the Shining One
 11697 | D:9      | Reached **** piety under the Shining One
 11913 | D:9      | Noticed a skeletal warrior
 11949 | D:10     | Entered Level 10 of the Dungeon
 12214 | D:10     | Noticed Snorg
 12351 | D:9      | Found Baimp's Jewellery Emporium.
 12546 | D:9      | Noticed a skeletal warrior
 12679 | D:9      | Killed a skeletal warrior
 12926 | D:9      | Reached skill level 10 in Fire Magic
 12987 | D:9      | Found a shadowy altar of Dithmenos.
 13175 | D:9      | Reached ***** piety under the Shining One
 13236 | D:9      | Killed a skeletal warrior
 13687 | D:10     | Found a staircase to the Orcish Mines.
 13805 | D:10     | Mangled by Snorg

Illustrated notes

Levels and vault maps discovered:
D:1:      eino_arrival_cavern_a, layout_basic
D:2:      layout_rooms, ebering_dispersal_statue_hall, grunt_ministairs_2,
          minivault_11, uniq_natasha
D:3:      layout_loops_ring, mainiacjoe_overflow_alcove_2,
          ebering_ecumenical_altar_petrified, gammafunk_ghost_mausoleum,
          grunt_decor_clamped
D:4:      layout_cave_pools, minmay_temple_entry_trees, serial_park,
          serial_park_square1 [serial_park_minivault_5x5_8], serial_park_gazebo
          [serial_park_minivault_5x5_2], serial_park_tiny_2, serial_park_square3
          [serial_park_minivault_5x5_5], serial_park_avenue1, minivault_26,
          uniq_sigmund
D:5:      layout_basic, mainiacjoe_overflow_catwalk, uniq_ijyb,
          uniq_crazy_yiuf_cottage, uniq_edmund, uniq_blork_the_orc
D:6:      layout_loops_ring, led_sif_pool, overflow_temple_1_default,
          chequers_big_river, uniq_maggie
D:7:      layout_rooms
D:8:      layout_basic, kennysheep_okawaru_gauntlet, uniq_pikel
D:9:      hangedman_screamer, layout_layer_cave,
          nicolae_dithmenos_through_a_glass_darkly, serial_shops,
          nicolae_shop_behind_doors, chequers_serial_rivers_micro_e,
          kennysheep_nub
D:10:     layout_basic, zin_scriptorium, erik_lair_island, orc_0_dummy,
          minivault_15, grunt_decor_cap, lemuel_flamethrower_2, uniq_snorg
Temple:   eino_wide_crystal_templ

Skill      XL: |  1  2  3  4  5  6  7  8  9 10 11 |
---------------+----------------------------------+-----
Conjurations   | 2 3 4 5 6 |  6.1
Dodging        | 3 4 6 7 8 9 |  9.8
Fire Magic     | 4 5 6 7 9 10 | 10.1
Fighting       | 1 2 3 4 6 7 8 |  8.5
Spellcasting   | 3 4 5 6 7 8 |  8.3
Armour         | 1 4 |  4.2
Stealth        | |  2.7
Invocations    | |  0.4

Action                   |  1- 3 |  4- 6 |  7- 9 | 10-12 || total
-------------------------+-------+-------+-------+-------++-------
Melee: Unarmed           |    25 |       |       |       ||    25
       Kick              |     4 |     5 |     9 |    22 ||    40
       Peck              |     4 |     6 |     4 |    18 ||    32
       Short sword       |     2 |    17 |       |       ||    19
       Dagger            |       |     9 |    16 |    44 ||    69
       Punch             |       |     2 |       |     1 ||     3
 Cast: Foxfire           |    87 |    69 |   189 |   194 ||   539
       Scorch            |       |    18 |    63 |   190 ||   271
Evoke: Lightning rod     |       |       |       |     4 ||     4
  Use: Potion            |     1 |       |       |     3 ||     4
       Scroll            |       |       |       |     9 ||     9
Armor: Robe              |     5 |       |       |       ||     5
       Leather armour    |       |     5 |     3 |    12 ||    20
       Troll leather arm |       |       |       |    66 ||    66
Dodge: Dodged            |    17 |    28 |    26 |   397 ||   468

Table legend: (Time is in decaauts)
 A = Elapsed time spent in this place.
 B = Non-inter-level travel time spent in this place.
 C = Inter-level travel time spent in this place.
 D = Time resting spent in this place.
 E = Time spent auto-exploring this place.
 F = Levels seen in this place.
 G = Mean time per level.
                   A        B        C        D        E       F      G
               +--------+--------+--------+--------+--------+-----+--------+
         Total |  13224 |  12664 |    560 |   2632 |   7769 |  11 | 1202.2 |
       Dungeon |  13158 |  12624 |    534 |   2632 |   7742 |  10 | 1315.8 |
        Temple |     65 |     39 |     26 |      0 |     26 |   1 |   65.0 |
               +--------+--------+--------+--------+--------+-----+--------+

Top non-repeatable levels by time:
     D:9: 2741 daAuts
     D:6: 1559 daAuts
     D:5: 1501 daAuts
     D:8: 1405 daAuts
     D:3: 1322 daAuts
     D:7: 1219 daAuts
     D:2: 1202 daAuts
     D:4: 1136 daAuts
     D:1: 753 daAuts
    D:10: 316 daAuts
  Temple: 65 daAuts
